 Dungeon Crawl Stone Soup version 0.23-a0-767-gdc19b93 (webtiles) character file.

57 tilp the Chiller (level 4, 0/30 HPs)
             Began as a Merfolk Ice Elementalist on Jan 19, 2019.
             Succumbed to an adder's poison
             ... on level 2 of the Dungeon.
             The game lasted 00:04:46 (1904 turns).

tilp the Chiller (Merfolk Ice Elementalist)         Turns: 1904, Time: 00:04:47

Health: 0/30       AC:  2    Str:  6 (8)  XL:     4   Next: 0%
Magic:  3/7        EV: 13    Int: 13 (15) God:
Gold:   94         SH:  0    Dex: 12 (14) Spells: 4/7 levels left

rFire    + . .     SeeInvis .   a - +0 dagger
rCold    + . .     Gourm    .   (no shield)
rNeg     . . .     Faith    .   h - +0 robe
rPois    +         Spirit   .   (no helmet)
rElec    +         Reflect  .   (no cloak)
rCorr    +         Harm     .   (no gloves)
MR       .....                  (no boots)
Stlth    ++........             (no amulet)
HPRegen  0.10/turn              (no ring)
MPRegen  0.10/turn              (no ring)

@: lethally poisoned (0 -> -1), resistant, berserk cooldown, slowed, very slow
A: change form in water, swift swim, stealthy swim
a: no special abilities


You were on level 2 of the Dungeon.
You were not hungry.

You visited 1 branch of the dungeon, and saw 2 of its levels.

You collected 94 gold pieces.

Inventory:

Hand Weapons
 a - a +0 dagger (weapon)
 i - a +0 spear
 o - a +0 hunting sling
Missiles
 b - 4 stones (quivered)
 k - 17 sling bullets
Armour
 h - a +0 robe (worn)
Jewellery
 f - a cursed ring of stealth {unknown}
Scrolls
 e - a scroll of magic mapping {unknown}
 j - a scroll of remove curse {unknown}
 n - a scroll of identify {unknown}
Potions
 l - a potion of resistance
Comestibles
 c - 3 rations
 m - a chunk of flesh


   Skills:
 - Level 2.6 Dodging
 - Level 2.1 Stealth
 - Level 2.0 Spellcasting
 - Level 0.7 Conjurations
 + Level 5.2 Ice Magic


You had 4 spell levels left.
You knew the following spells:

 Your Spells              Type           Power        Failure   Level  Hunger
a - Freeze                Ice            ##..         3%          1    ##.....
b - Throw Frost           Conj/Ice       #.....       12%         2    ###....

Your spell library contained the following spells:

 Spells                   Type           Power        Failure   Level  Hunger
 Ozocubu's Armour         Chrm/Ice       #.......     26%         3    ####...
 Throw Icicle             Conj/Ice       #.......     58%         4    #####..
 Summon Ice Beast         Ice/Summ       #.......     65%         4    #####..


Dungeon Overview and Level Annotations

Branches:
Dungeon (2/15)

Altars:

Annotations:
D:2 Sigmund


Message History

You feel yourself slow down.
It was a potion of degeneration.
There was something very wrong with that liquid.
You feel weakened.
You feel dopey.
You feel clumsy.
* * * LOW HITPOINT WARNING * * *
You feel sick.
* * * LOW HITPOINT WARNING * * *
You feel sick.
* * * LOW HITPOINT WARNING * * *
You feel sick.
* * * LOW HITPOINT WARNING * * *
You feel sick.
* * * LOW HITPOINT WARNING * * *
You feel sick.
* * * LOW HITPOINT WARNING * * *
You feel sick.
Some of the chunks of flesh in your inventory have rotted away.
* * * LOW HITPOINT WARNING * * *
You feel sick.
You die...

.######.....###########.
............)...รท.......
######.###############.
#.# ######.###
..........# #######.#.#
#.#.# #.#@# #.#.# #.#..
#..... #######


There were no monsters in sight!

Vanquished Creatures
  An adder (D:2)
  2 oozes (D:1)
  A leopard gecko (D:2)
  5 bats (D:1)
  2 goblins
  4 hobgoblins (D:1)
  11 jackals
  2 kobolds (D:1)
  A ball python (D:1)
  A frilled lizard (D:1)
  2 rats (D:1)
32 creatures vanquished.

Notes
Turn   | Place    | Note
-------+----------+-------------------------------------------
     0 | D:1      | tilp the Merfolk Ice Elementalist began the quest for the
                  | Orb.
     0 | D:1      | Reached XP level 1. HP: 13/13 MP: 3/3
   405 | D:1      | Reached XP level 2. HP: 17/19 MP: 0/5
   469 | D:1      | Reached skill level 4 in Ice Magic
   627 | D:1      | Learned a level 2 spell: Throw Frost
   802 | D:1      | Reached XP level 3. HP: 19/24 MP: 0/6
  1692 | D:2      | Reached skill level 5 in Ice Magic
  1799 | D:2      | Noticed Sigmund
  1882 | D:2      | Reached XP level 4. HP: 9/30 MP: 0/7
  1901 | D:2      | HP: 1/30 [poisoned by an adder]
  1904 | D:2      | Succumbed to an adder's poison

Vault maps used:
D:1:      nicolae_arrival_memento_mori
D:2:      overflow_temple_1_default, uniq_sigmund, uniq_terence

Skill      XL: |  1  2  3 |
---------------+----------+-----
Ice Magic      | 4 5 |  5.2
Dodging        | |  2.6
Stealth        | |  2.1
Spellcasting   | |  2.0
Conjurations   | |  0.7

Action                   |  1- 3 |  4- 6 || total
-------------------------+-------+-------++-------
Melee: Dagger            |    22 |       ||    22
Throw: Stone             |     3 |       ||     3
 Cast: Freeze            |    57 |     1 ||    58
  Use: Scroll            |     1 |       ||     1
       Potion            |       |     3 ||     3
 Stab: Sleeping          |     1 |       ||     1
  Eat: Chunk             |     4 |       ||     4
Armor: Robe              |     4 |       ||     4
Dodge: Dodged            |    46 |       ||    46

Table legend:
 A = Non-vault XP
 B = Vault XP
 C = Vault XP percentage of total XP
 D = Non-vault monster count
 E = Vault monster count
 F = Vault count percentage of total count
                 A         B        C        D         E       F
            +---------+---------+-------+---------+---------+-------
      Total |      82 |       0 |   0.0 |      32 |       0 |   0.0
            +---------+---------+-------+---------+---------+-------
        D:1 |      57 |       0 |   0.0 |      26 |       0 |   0.0
        D:2 |      25 |       0 |   0.0 |       6 |       0 |   0.0
            +---------+---------+-------+---------+---------+-------
